 Dungeon Crawl Stone Soup version 0.27.1-3-gb3d3a73c9e (webtiles) character file.

Game seed: 5780452006151062103

14307 MisterFreud the Basher (level 11, -19/99 HPs)
             Began as a Minotaur Abyssal Knight on Oct 6, 2021.
             Was a High Priest of Lugonu.
             Demolished by a boulder beetle (45 damage)
             ... on level 12 of the Dungeon.
             The game lasted 00:16:53 (13934 turns).

MisterFreud the Basher (Minotaur Abyssal Knight)   Turns: 13934, Time: 00:16:53

Health: -19/99     AC: 24    Str: 21    XL:     11   Next: 87%
Magic:  12/16      EV:  4    Int:  9    God:    Lugonu [*****.]
Gold:   451        SH:  5    Dex:  9    Spells: 10/10 levels left

rFire    + . .     SeeInvis +   G - +5 morningstar (freeze)
rCold    + . .     Faith    .   (no shield)
rNeg     . . .     Spirit   .   h - +3 gold dragon scales
rPois    +         Reflect  +   O - +1 hat
rElec    .         Harm     .   (no cloak)
rCorr    .         Rampage  .   N - +0 pair of gloves {archery}
Will     .....                  s - +0 pair of boots
Stlth    ..........             u - amulet of reflection
HPRegen  0.26/turn              q - ring of see invisible
MPRegen  0.15/turn              E - +4 ring of slaying

@: no status effects
A: horns 2, retaliatory headbutt
a: Renounce Religion, Depart the Abyss, Bend Space, Banish, Corrupt, Enter the
Abyss


You were on level 12 of the Dungeon.
You worshipped Lugonu.
Lugonu was extremely pleased with you.
You visited 1 branch of the dungeon, and saw 12 of its levels.
You visited the Abyss 1 time.
You also visited: Ossuary.

You collected 600 gold pieces.
You spent 149 gold pieces at shops.

Inventory:

Hand Weapons
 a - a +1 falchion
 b - a +3 whip of venom
 C - a +2 scimitar of freezing
 G - a +5 morningstar of freezing (weapon)
Missiles
 r - 7 atropa-tipped darts
 t - 12 boomerangs
 v - 50 poisoned darts (quivered)
 z - 16 boomerangs of dispersal
 B - 2 silver boomerangs
 D - a curare-tipped dart
Armour
 h - +3 gold dragon scales (worn)
 s - a +0 pair of boots (worn)
 N - a +0 pair of gloves of archery (worn)
 O - a +1 hat (worn)
Jewellery
 q - a ring of see invisible (left hand)
 u - an amulet of reflection (around neck)
 E - a +4 ring of slaying (right hand)
 K - an amulet of magic regeneration
Wands
 d - a wand of iceblast (35)
 w - a wand of flame (20)
 F - a wand of acid (20)
Scrolls
 i - 3 scrolls of blinking
 j - a scroll of fog
 n - 3 scrolls of fear
 o - 5 scrolls of teleportation
 x - 2 scrolls of silence
 y - 4 scrolls of enchant weapon
 A - 5 scrolls of amnesia
 H - a scroll of holy word
 Q - a scroll of identify
Potions
 c - 7 potions of curing
 e - a potion of mutation
 f - 2 potions of brilliance
 g - a potion of berserk rage
 k - 3 potions of might
 l - a potion of flight {unknown}
 m - 5 potions of resistance
 p - 3 potions of cancellation
 I - 3 potions of lignification
 J - a potion of attraction {unknown}
 M - 2 potions of degeneration
 P - a potion of haste {unknown}
Miscellaneous
 L - a lightning rod (4/4)


   Skills:
 - Level 10.0 Fighting
 - Level 2.4 Long Blades
 - Level 14.0 Maces & Flails
 + Level 10.8 Armour
 - Level 1.1 Dodging
 + Level 8.8 Invocations
 + Level 3.2 Evocations


You had 10 spell levels left.
You didn't know any spells.
Your spell library contained the following spells:

 Spells                   Type           Power      Damage    Failure   Level
 Animate Skeleton         Necr           0%         N/A       100%        1
 Apportation              Tloc           0%         N/A       100%        1
 Beastly Appendage        Tmut           0%         N/A       100%        1
 Corona                   Hex            0%         N/A       100%        1
 Sandblast                Erth           0%         2d4       100%        1
 Shock                    Conj/Air       0%         1d3       100%        1
 Summon Small Mammal      Summ           0%         N/A       100%        1
 Blink                    Tloc           N/A        N/A       100%        2
 Passwall                 Tmut/Erth      0%         N/A       100%        2
 Slow                     Hex            0%         N/A       100%        2
 Wereblood                Tmut           0%         N/A       100%        2
 Call Canine Familiar     Summ           0%         N/A       100%        3
 Confusing Touch          Hex            0%         N/A       100%        3
 Dazzling Flash           Conj/Hex       0%         N/A       100%        3
 Spider Form              Tmut/Pois      0%         N/A       100%        3
 Summon Guardian Golem    Hex/Summ       0%         N/A       100%        3
 Swiftness                Air            0%         N/A       100%        3
 Vampiric Draining        Necr           0%         2d6       100%        3
 Airstrike                Air            0%         N/A       100%        4
 Iskenderun's Mystic Bla  Conj/Tloc      0%         2d3       100%        4
 Agony                    Necr           0%         N/A       100%        5
 Lee's Rapid Deconstruct  Erth           0%         3d5*      100%        5
 Manifold Assault         Tloc           0%         N/A       100%        5
 Silence                  Hex/Air        0%         N/A       100%        5
 Starburst                Conj/Fire      0%         6d3       100%        6
 Storm Form               Tmut/Air       0%         N/A       100%        7


Dungeon Overview and Level Annotations

Branches:
Dungeon (12/15)            Temple (0/1) D:5            Lair (0/6) D:9
    Orc (0/2) D:10        Ossuary (visited)

Altars:
Cheibriados
Dithmenos
Elyvilon
Hepliaklqana
Makhleb
Okawaru
Qazlal
Sif Muna
Vehumet
Wu Jian
Xom
Zin
The Shining One

Shops:
D:6 =?(*   D:7 ?   D:8 *

Annotations:
D:12 2 runed translucent doors


Innate Abilities, Weirdness & Mutations

You have a pair of horns on your head.
You reflexively headbutt those who attack you in melee.


Message History

The two-headed ogre looks more healthy.
Throw: 53 darts (poison)
Press: ? - help, Q - select action, (/) - cycle Shift-Dir - straight line, f/p - two-headed ogre
Aim: a two-headed ogre, wielding a +0 dire flail and a +0 giant spiked club (heavily wounded, 79% to hit)
You throw a poisoned dart.
The poisoned dart completely misses the two-headed ogre.
The poisoned dart hits the boulder beetle.
The boulder beetle looks even sicker.
The boulder beetle is lightly wounded.
You hit the two-headed ogre. You freeze the two-headed ogre.
The two-headed ogre is heavily wounded.
The two-headed ogre hits you with a +0 dire flail!
The two-headed ogre hits you with a +0 giant spiked club!
* * * LOW HITPOINT WARNING * * *
You aren't in the Abyss!
Unknown command.
Unknown command.
Press: ? - help, Shift-Dir - straight line, f/p - two-headed ogre
Aim: a two-headed ogre, wielding a +0 dire flail and a +0 giant spiked club (heavily wounded, chance to affect: 73%)
The two-headed ogre is devoured by a tear in reality.
Lugonu claims a new guest.
Your Evocations skill increases to level 3!
Unknown command.
Throw: 52 darts (poison)
Press: ? - help, Q - select action, (/) - cycle Shift-Dir - straight line, f - boulder beetle
Aim: a boulder beetle (moderately wounded, poisoned, 91% to hit)
You throw a poisoned dart.
The poisoned dart hits the boulder beetle.
The boulder beetle looks even sicker.
The boulder beetle is moderately wounded.
The boulder beetle curls into a ball and begins rolling!
Throw: 51 darts (poison)
Press: ? - help, Q - select action, (/) - cycle Shift-Dir - straight line, f/p - boulder beetle
Aim: a boulder beetle (moderately wounded, rolling, very poisoned, 91% to hit)
You throw a poisoned dart.
The poisoned dart hits the boulder beetle.
The boulder beetle looks even sicker.
The boulder beetle is moderately wounded.
The boulder beetle hits you!!!
You die...

#..# ##.## #..# #
##.## # #...## ##
##..#.## .# #..###.##
.## ##..####.## ..#
#...@.###.# #.##
##...#B##.##### # #..#
#.=...§.......# .#
#..##
##.....°.#####.###.###
#...# #..#.##.##
##...(....# #.#.##
##.##>##.#
##.....###.# #....#
#.....##(# #......#
####.## ##.######(#
#......###.# #..# #..#
#(# #.#........#


You could see a boulder beetle (rolling, very poisoned).

Vanquished Creatures
  3 two-headed ogres
  A death yak (D:9)
  2 deep elf pyromancers
  A cyclops (D:12)
  Maurice (D:8)
  2 gargoyles
  2 unseen horrors
  A meliai (shapeshifter) (D:11)
  A hornet (D:6)
  Grinder (D:3)
  2 wyverns
  2 vampires
  7 yaks (D:10)
  A steam dragon (D:7)
  4 acid dragons
  An orc warrior (D:7)
  A water moccasin (D:8)
  An ice beast (D:7)
  3 black bears
  2 sky beasts
  2 necrophages
  2 ogres (D:6)
  5 phantoms
  2 centaurs
  4 kobold brigands
  3 elf zombies (Ossuary)
  A bullfrog (D:7)
  2 scorpions (D:6)
  2 troll zombies (D:10)
  3 howler monkeys
  An electric eel (D:6)
  15 wights
  16 centaur zombies
  A bullfrog zombie (D:6)
  3 jellies
  A centaur skeleton (D:6)
  4 orc priests
  A hound (D:5)
  Jessica (D:3)
  4 iguanas
  Ijyb (D:3)
  7 orc wizards
  4 ogre zombies (D:10)
  4 mummies
  2 gnolls
  6 adders
  2 shadow imps (D:7)
  An adder skeleton (D:3)
  7 dart slugs
  28 orcs
  2 endoplasms
  A giant cockroach (D:3)
  8 goblins
  5 hobgoblins
  24 kobolds
  3 quokkas
  6 ball pythons
  6 bats
  5 frilled lizards
  2 goblin skeletons (D:10)
  5 goblin zombies
  A hobgoblin skeleton (D:10)
  4 hobgoblin zombies (D:10)
  2 orc skeletons (D:10)
  7 orc zombies
  5 rats
260 creatures vanquished.

Notes
Turn   | Place    | Note
-------+----------+-------------------------------------------
     0 | Abyss:1  | MisterFreud the Minotaur Abyssal Knight began the quest for
                  | the Orb.
     0 | Abyss:1  | Reached XP level 1. HP: 19/19 MP: 1/1
    10 | D:1      | Escaped the Abyss
   236 | D:1      | Reached XP level 2. HP: 5/28 MP: 2/2
   976 | D:1      | Reached skill level 5 in Fighting
  1024 | D:1      | Reached XP level 3. HP: 35/36 MP: 3/3
  1572 | D:2      | Reached ** piety under Lugonu
  1834 | D:2      | Reached XP level 4. HP: 44/44 MP: 4/4
  2398 | D:3      | Noticed Jessica
  2401 | D:3      | Killed Jessica
  2584 | D:3      | Noticed Ijyb
  2593 | D:3      | Killed Ijyb
  2594 | D:3      | Reached XP level 5. HP: 39/51 MP: 5/5
  2932 | D:3      | Noticed Grinder
  2945 | D:3      | Paralysed by Grinder for 4 turns
  2956 | D:3      | Killed Grinder
  2957 | D:3      | Reached XP level 6. HP: 55/61 MP: 6/6
  3454 | D:3      | Found a burning altar of Makhleb.
  3523 | D:3      | Reached skill level 5 in Armour
  3715 | D:4      | Reached skill level 1 in Maces & Flails
  4121 | D:5      | Entered Level 5 of the Dungeon
  4163 | D:5      | Found an ornate altar of the Wu Jian Council.
  4208 | D:5      | Reached *** piety under Lugonu
  4255 | D:5      | Reached skill level 2 in Maces & Flails
  4255 | D:5      | Reached XP level 7. HP: 68/68 MP: 7/7
  4346 | D:5      | Reached skill level 3 in Maces & Flails
  4442 | D:5      | Found a staircase to the Ecumenical Temple.
  4525 | D:5      | Noticed a wyvern
  4543 | D:5      | Killed a wyvern
  4544 | D:5      | Reached skill level 4 in Maces & Flails
  5271 | D:5      | Found a shimmering altar of Xom.
  5493 | D:6      | Reached skill level 5 in Maces & Flails
  5493 | D:6      | Reached XP level 8. HP: 44/73 MP: 8/8
  5706 | D:6      | Found Evvuprant's General Store.
  5790 | D:6      | Found a white marble altar of Elyvilon.
  5804 | D:6      | Reached skill level 6 in Maces & Flails
  5827 | D:6      | Found Deaviras's Jewellery Emporium.
  5828 | D:6      | Found Acapluum's Weapon Boutique.
  5993 | D:6      | Found Doemauxa's Magic Scroll Boutique.
  6001 | D:6      | Bought a scroll of fear for 35 gold pieces
  6001 | D:6      | Bought a scroll of enchant weapon for 75 gold pieces
  6016 | D:6      | Noticed a hornet
  6034 | D:6      | Killed a hornet
  6297 | D:6      | Found a shadowy altar of Dithmenos.
  6307 | D:6      | Reached skill level 10 in Armour
  6833 | D:7      | Reached XP level 9. HP: 80/82 MP: 9/9
  6842 | D:7      | Found a radiant altar of Vehumet.
  7179 | D:7      | Found Ilihikh's Magic Scroll Shop.
  7183 | D:7      | Bought a scroll of teleportation for 39 gold pieces
  7220 | D:7      | Reached skill level 7 in Maces & Flails
  7479 | D:7      | Found a glowing golden altar of the Shining One.
  7736 | D:7      | Found an iron altar of Okawaru.
  7888 | D:7      | Found a stormy altar of Qazlal.
  8140 | D:8      | Found Ynnatz's General Store.
  8171 | D:8      | Reached **** piety under Lugonu
  8171 | D:8      | Noticed a two-headed ogre
  8207 | D:8      | Killed a two-headed ogre
  8208 | D:8      | Reached skill level 8 in Maces & Flails
  8208 | D:8      | Reached skill level 5 in Invocations
  8359 | D:8      | Reached skill level 10 in Fighting
  8444 | D:8      | Found a sand-covered staircase.
  8451 | Ossuary  | Entered an ossuary
  8481 | Ossuary  | Reached XP level 10. HP: 84/93 MP: 13/13
  8622 | Ossuary  | Reached skill level 9 in Maces & Flails
  8793 | D:8      | Noticed Maurice
  8800 | D:8      | Killed Maurice
  8844 | D:8      | Found a glowing silver altar of Zin.
  9135 | D:8      | Found a snail-covered altar of Cheibriados.
  9493 | D:9      | Reached ***** piety under Lugonu
  9540 | D:9      | Noticed a deep elf pyromancer
  9547 | D:9      | Killed a deep elf pyromancer
  9548 | D:9      | Reached skill level 10 in Maces & Flails
  9804 | D:9      | Noticed a two-headed ogre
  9813 | D:9      | Killed a two-headed ogre
  9836 | D:9      | Found a staircase to the Lair.
  9869 | D:9      | Noticed a death yak
  9885 | D:9      | Killed a death yak
  9886 | D:9      | Reached skill level 11 in Maces & Flails
 10745 | D:10     | Entered Level 10 of the Dungeon
 10756 | D:10     | Noticed a two-headed ogre
 10769 | D:10     | Killed a two-headed ogre
 10770 | D:10     | Reached skill level 12 in Maces & Flails
 10770 | D:10     | Reached XP level 11. HP: 57/99 MP: 16/16
 11399 | D:10     | Found a staircase to the Orcish Mines.
 11480 | D:10     | Found a shimmering blue altar of Sif Muna.
 11628 | D:10     | Reached skill level 13 in Maces & Flails
 12180 | D:10     | Found a hazy altar of Hepliaklqana.
 12659 | D:11     | Reached skill level 14 in Maces & Flails
 12719 | D:11     | Reached skill level 1 in Evocations
 12923 | D:11     | Noticed a deep elf pyromancer
 12929 | D:11     | Killed a deep elf pyromancer
 13715 | D:12     | Found a runed translucent door.
 13715 | D:12     | Found a runed translucent door.
 13715 | D:12     | Noticed a boulder beetle
 13715 | D:12     | Noticed a frost giant
 13716 | D:12     | Noticed an eight-headed hydra
 13920 | D:12     | Noticed a two-headed ogre
 13920 | D:12     | Noticed a boulder beetle
 13931 | D:12     | Banished a two-headed ogre
 13934 | D:12     | Demolished by a boulder beetle

Illustrated notes

Levels and vault maps discovered:
D:1:      dpeg_arrival_solitude, layout_loops_corners
D:2:      kennysheep_six_static_rooms, layout_basic, skrybe_limestone_x
D:3:      layout_loops_corners, nicolae_overflow_hidden_temple,
          minmay_checkerbox, uniq_ijyb, uniq_grinder, uniq_jessica
D:4:      layout_rooms, minmay_misc_feat_doors
D:5:      layout_loops_ring, tgw_xom, lemuel_tele_altar,
          minmay_temple_entry_tees, supply_closet_lemuel, serial_bayou_pond_b
D:6:      layout_rooms, grunt_dithmenos_shadows, elyvilon_altar_1,
          nicolae_inconvenience_store, nicolae_wooded_promenade, st_stairs_1,
          grunt_decor_arrowhead
D:7:      layout_layer_cave, nicolae_vehumet_radiance,
          mainiacjoe_overflow_paths, mainiacjoe_overflow_six_doors_small,
          nicolae_tso_carved_into_rock, serial_shops, nicolae_shop_trees
D:8:      layout_rooms, mainiacjoe_overflow_surrounded_room,
          kennysheep_slug_shrine, serial_corexii_hall, corexii_hall_statues_x,
          chequers_hall_statues_y, chequers_hall_statues_wall_a,
          chequers_hall_statues_corner_a, nicolae_ossuary_entry_giza,
          serial_shops, nicolae_shop_temple_entry_statues_fountains,
          grunt_ministairs_5, uniq_maurice
D:9:      layout_basic, david_lair_generic
D:10:     layout_gridville, lemuel_coloured_pillars_altar,
          mainiacjoe_overflow_24_doors, zombieorc1_lemuel
D:11:     layout_basic, minmay_unpleasant_kobolds
D:12:     minmay_the_grid_triangle_9x9_recursive_3_mashed
          [minmay_the_grid_triangle_9x9_from_above,
          minmay_the_grid_triangle_9x9_zippers_horizontal,
          minmay_the_grid_triangle_9x9_empty,
          minmay_the_grid_triangle_9x9_prize_insulated,
          minmay_the_grid_triangle_9x9_longest,
          minmay_the_grid_triangle_9x9_intruding_spiral,
          minmay_the_grid_triangle_9x9_minimal,
          minmay_the_grid_triangle_9x9_flanged_cone,
          minmay_the_grid_triangle_9x9_fully_insulated_deathbox],
          layout_loops_ring

Skill      XL: |  1  2  3  4  5  6  7  8  9 10 11 |
---------------+----------------------------------+-----
Fighting       | 4 5 6 7 8 10 | 10.0
Armour         | 3 4 5 7 10 | 10.8
Maces & Flails | 2 5 6 8 12 14 | 14.0
Invocations    | 2 5 8 |  8.8
Evocations     | 3 |  3.2
Long Blades    | |  2.4
Dodging        | |  1.1

Action                   |  1- 3 |  4- 6 |  7- 9 | 10-12 || total
-------------------------+-------+-------+-------+-------++-------
Melee: Falchion          |    83 |    72 |       |       ||   155
       Headbutt          |    10 |    20 |    36 |    43 ||   109
       Whip              |       |    77 |   267 |       ||   344
       Morningstar       |       |       |    14 |   292 ||   306
Throw: Dart              |       |       |     2 |    14 ||    16
Invok: Banish            |       |       |       |     1 ||     1
Evoke: Wand              |       |     1 |     5 |       ||     6
  Use: Scroll            |       |       |     9 |    10 ||    19
Armor: Leather armour    |     4 |       |       |       ||     4
       Chain mail        |    12 |       |       |       ||    12
       Gold dragon scale |    66 |   110 |   170 |   186 ||   532
Dodge: Dodged            |    12 |    10 |    28 |    46 ||    96
Block: Other             |       |     2 |    50 |    70 ||   122
       Reflection        |       |       |       |     5 ||     5
       Rpst.: Falchion   |     1 |     2 |       |       ||     3
